 Dungeon Crawl Stone Soup version 0.19.5 (webtiles) character file.

84 Gitz the Skirmisher (level 4, 0/55 HPs)
             Began as a Demonspawn Berserker on May 25, 2017.
             Was a Believer of Trog.
             Slain by tschems's ghost (7 damage)
             ... on level 3 of the Dungeon.
             The game lasted 00:04:04 (2233 turns).

Gitz the Skirmisher (Demonspawn Berserker)          Turns: 2233, Time: 00:04:04

Health: 0/55       AC:  7    Str: 23    XL:     4   Next: 23%
Magic:  4/4        EV: 11    Int:  9    God:    Trog [**....]
Gold:   198        SH:  3    Dex: 12    Spells: 0 memorised, 3 levels left

rFire  . . .     SeeInvis .     u - +0 war axe
rCold  . . .     Gourm    .     t - +0 ring mail
rNeg   . . .     Faith    .     (no shield)
rPois  .         Spirit   .     m - +0 helmet
rElec  .         Reflect  +     i - +0 cloak
rCorr  .         Harm     .     (no gloves)
MR     .....                    (no boots)
Stlth  ..........               o - +3 amulet of reflection
                                (no ring)
                                (no ring)

@: berserking (expiring), very quick
A: powered by death 1
a: Berserk, Trog's Hand, Burn Spellbooks, Renounce Religion


You were on level 3 of the Dungeon.
You worshipped Trog.
Trog was pleased with you.
You were very hungry.

You visited 1 branch of the dungeon, and saw 3 of its levels.

You collected 198 gold pieces.

Inventory:

Hand Weapons
 u - a +0 war axe (weapon)
Armour
 i - a +0 cloak (worn)
 m - a +0 helmet (worn)
 t - a +0 ring mail (worn)
Jewellery
 o - a +3 amulet of reflection (around neck)
Scrolls
 a - a scroll of enchant armour {unknown}
 d - 5 scrolls of teleportation {unknown}
 e - 2 scrolls of identify {unknown}
 h - 3 scrolls of remove curse {unknown}
 n - a scroll of immolation {unknown}
 r - 2 scrolls of amnesia {unknown}
 v - a scroll of fear {unknown}
 w - a scroll of recharging {unknown}
Potions
 b - a potion of brilliance {unknown}
 k - 2 potions of mutation {unknown}
 l - 2 potions of lignification {unknown}
 p - a potion of haste {unknown}
 q - 2 potions of degeneration {unknown}
 s - a potion of berserk rage {unknown}
Comestibles
 c - a bread ration
 f - a slice of pizza
 g - 2 meat rations
 j - 6 chunks of flesh


   Skills:
 * Level 4.0 Fighting
 + Level 3.4 Axes
 + Level 2.2 Armour
 + Level 2.0 Dodging


You had 3 spell levels left.
You didn't know any spells.

Dungeon Overview and Level Annotations

Branches:
Dungeon (3/15)

Altars:
Ashenzari
Dithmenos
Kikubaaqudgha
Makhleb
Ru
Sif Muna

Annotations:
D:3 tschems's ghost, amateur HuFi


Innate Abilities, Weirdness & Mutations

You regenerate a little health from kills.


Message History

The orc is moderately wounded.
You hit tschems's ghost but do no damage.
The orc barely misses you. Tschems's ghost barely misses you.
Unknown command.
You closely miss the orc.
The orc is moderately wounded.
You hit tschems's ghost. The orc closely misses you. Tschems's ghost hits you.
* * * LOW HITPOINT WARNING * * *
Unknown command.
You slash the orc!
You kill the orc!
Trog accepts your kill.
You hit tschems's ghost. Tschems's ghost barely misses you.
You hit tschems's ghost.
Tschems's ghost is severely damaged.
Tschems's ghost barely misses you.
You hit tschems's ghost.
Tschems's ghost is almost destroyed.
Tschems's ghost hits you!
You die...

###...##.####.#####.# #.#
##..............#.# #.#
#####.#####†##.#.#
#.##### #.# #.##.#.#
#.....# #.# #.##.#.#
#####.# #.# #.##.# #)#
################# #.#
......).......####.#
...#[@.#...#...#.#
......W).......#.#.#
.#...#...#...###.#.#
...................#
#####################.###
#.............# #.#
########.###### #.#
#########.# #.#
####.........# #.#


You could see tschems's ghost.

Vanquished Creatures
  2 adders
  An ooze (D:2)
  A worm (D:2)
  A dart slug (D:1)
  2 leopard geckos
  9 orcs (D:3)
  2 giant cockroaches (D:2)
  3 hobgoblins
  2 kobolds
  2 ball pythons
  4 bats
  5 frilled lizards
  5 goblins
  8 rats
47 creatures vanquished.

Notes
Turn   | Place    | Note
-------+----------+-------------------------------------------
     0 | D:1      | Gitz the Demonspawn Berserker began the quest for the Orb.
     0 | D:1      | Reached XP level 1. HP: 18/18 MP: 1/1
   470 | D:1      | Gained mutation: You regenerate a little health from kills. [demonic ancestry]
   470 | D:1      | Reached XP level 2. HP: 23/24 MP: 2/2
   940 | D:2      | Found a burning altar of Makhleb.
   944 | D:2      | Found a deep blue altar of Sif Muna.
   949 | D:2      | Found a shattered altar of Ashenzari.
  1019 | D:2      | Found a sacrificial altar of Ru.
  1085 | D:2      | Reached XP level 3. HP: 19/29 MP: 3/3
  1666 | D:2      | Found an ancient bone altar of Kikubaaqudgha.
  1666 | D:2      | Found a shadowy altar of Dithmenos.
  1935 | D:3      | Reached ** piety under Trog
  2126 | D:3      | Reached XP level 4. HP: 35/37 MP: 4/4
  2154 | D:3      | Reached skill level 4 in Fighting
  2218 | D:3      | Noticed tschems's ghost (amateur HuFi)
  2233 | D:3      | Slain by tschems's ghost

Skill      XL: |  1  2  3  4 |
---------------+-------------+-----
Axes           | 3 |  3.4
Dodging        | 2 |  2.0
Armour         | 2 |  2.2
Fighting       | 4 |  4.0

Action                   |  1- 3 |  4- 6 || total
-------------------------+-------+-------++-------
Melee: Hand axe          |   130 |       ||   130
       War axe           |    23 |    20 ||    43
Invok: Berserk           |     2 |     1 ||     3
  Eat: Chunk             |     6 |       ||     6
Armor: Animal skin       |     4 |       ||     4
       Leather armour    |    11 |       ||    11
       Ring mail         |    28 |     5 ||    33
Dodge: Dodged            |    88 |    11 ||    99
Block: Other             |    12 |     4 ||    16
